 Dungeon Crawl Stone Soup version 0.29-a0-721-g7f417c9bbb (webtiles) character file.

Game seed: 10106260801106318715

23414 avis the Marksdemigod (level 12, 0/100 HPs)
             Began as a Demigod Hunter on June 27, 2022.
             Slain by a polar bear (1 damage)
             ... while petrified by a basilisk
             ... on level 4 of the Lair of Beasts.
             The game lasted 02:06:01 (19186 turns).

avis the Marksdemigod (Demigod Hunter)             Turns: 19186, Time: 02:06:02

Health: 0/100      AC: 17    Str: 18    XL:     12   Next: 38%
Magic:  15/15      EV:  2    Int: 11    God:
Gold:   624        SH:  0    Dex: 39    Spells: 11/11 levels left

rFire   . . .      SeeInvis .   a - +1 shortbow (venom)
rCold   . . .      Faith    .   (shield currently unavailable)
rNeg    + + +      Spirit   .   H - +5 leather armour of the Volcano {Will+}
rPois   ∞          Reflect  .   e - +2 helmet of Mutualism {+Blink Dex+6 Slay-2}
rElec   .          Harm     .   C - +2 cloak
rCorr   .          Rampage  .   z - +2 pair of gloves
Will    ++...                   (no boots)
Stlth   ++++......              (no amulet)
HPRegen 0.26/turn               N - +6 ring of strength
MPRegen 0.14/turn               T - +4 ring of slaying

@: lethally poisoned (0 -> 0), petrified
A: high MP 1, forlorn, divine attributes
a: Evoke Blink


You were on level 4 of the Lair of Beasts.
You visited 3 branches of the dungeon, and saw 15 of its levels.
You also visited: Sewer.

You collected 983 gold pieces.
You spent 359 gold pieces at shops.

Inventory:

Hand Weapons
 a - a +1 shortbow of venom (weapon)
 b - a +1 longbow of flaming
 w - a +2 scimitar of flaming
Armour
 e - the +2 helmet of Mutualism (worn) {+Blink Dex+6 Slay-2}
   (You found it on level 6 of the Dungeon)

   Dex:       It affects your dexterity (+6).
   Slay:      It affects your accuracy & damage with ranged weapons and melee
   (-2).
   +Blink:    It lets you blink.
 z - a +2 pair of gloves (worn)
 C - a +2 cloak (worn)
 H - the +5 leather armour of the Volcano (worn) {Will+}
   (You took it off an orc on level 5 of the Dungeon)

   Will:      It increases your willpower.
Jewellery
 N - a +6 ring of strength (left hand)
 T - a +4 ring of slaying (right hand)
Wands
 d - a wand of charming (14)
 q - a wand of flame (29)
 u - a wand of mindburst (17)
 y - a wand of polymorph (10)
 Y - a wand of iceblast (4)
Scrolls
 m - 3 scrolls of blinking
 o - 2 scrolls of fog
 A - 3 scrolls of teleportation
 I - a scroll of magic mapping
Potions
 g - a potion of cancellation
 h - 7 potions of curing
 i - 6 potions of lignification
 p - a potion of haste
 r - a potion of berserk rage
 t - a potion of attraction {unknown}
 B - a potion of magic {unknown}
 E - 2 potions of ambrosia
 F - 6 potions of heal wounds
 G - 5 potions of might
 J - 2 potions of invisibility
 M - 2 potions of flight
 U - a potion of resistance {unknown}
 Z - 2 potions of brilliance


   Skills:
 - Level 7.0 Fighting
 - Level 6.0 Long Blades
 + Level 16.2 Ranged Weapons
 - Level 6.0 Dodging
 - Level 5.0 Stealth


You had 11 spell levels left.
You didn't know any spells.
Your spell library contained the following spells:

 Spells                   Type           Power      Damage    Failure   Level
 Apportation              Tloc           0%         N/A       38%         1
 Magic Dart               Conj           0%         1d3       38%         1
 Call Imp                 Summ           0%         N/A       54%         2
 Sublimation of Blood     Necr           0%         N/A       54%         2
 Call Canine Familiar     Summ           0%         N/A       77%         3
 Frozen Ramparts          Ice            0%         1d2       77%         3
 Gell's Gravitas          Tloc           0%         N/A       77%         3
 Mephitic Cloud           Conj/Pois/Air  0%         N/A       77%         3
 Portal Projectile        Hex/Tloc       0%         N/A       77%         3
 Teleport Other           Tloc           0%         N/A       77%         3
 Ice Form                 Ice/Tmut       0%         N/A       99%         4
 Leda's Liquefaction      Hex/Erth       0%         N/A       99%         4
 Petrify                  Tmut/Erth      0%         N/A       99%         4
 Summon Ice Beast         Ice/Summ       0%         N/A       99%         4
 Alistair's Intoxication  Tmut/Pois      0%         N/A       100%        5
 Irradiate                Conj/Tmut      0%         3d13      100%        5
 Dispersal                Tloc           0%         N/A       100%        6


Dungeon Overview and Level Annotations

Branches:
Dungeon (10/15)            Temple (1/1) D:6            Lair (4/6) D:10
  Snake (0/4) Lair:2          Orc (0/2) D:9           Sewer (visited)
  Swamp: Lair:2-4    Shoals: Lair:2-4

Shops:
D:2 [   D:6 (

Annotations:
D:10 exclusion: door


Innate Abilities, Weirdness & Mutations

You have an increased reservoir of magic. (+10% MP)
You shall have no god before yourself.
Your divine heritage dramatically boosts your attributes as you level up.


Message History

The polar bear bites you.
The polar bear claws you but does no damage. x2
The black mamba bites you!
* * * LOW HITPOINT WARNING * * *
The black mamba bites you!
* * * LOW HITPOINT WARNING * * *
The basilisk bites you!
* * * LOW HITPOINT WARNING * * *
The polar bear bites you!
* * * LOW HITPOINT WARNING * * *
The polar bear claws you but does no damage. x2
The polar bear bites you.
* * * LOW HITPOINT WARNING * * *
The polar bear claws you but does no damage.
The polar bear claws you.
The dream sheep bites you but does no damage.
The black mamba bites you!
* * * LOW HITPOINT WARNING * * *
The black mamba bites you!
* * * LOW HITPOINT WARNING * * *
The basilisk bites you.
* * * LOW HITPOINT WARNING * * *
The polar bear bites you but does no damage.
The polar bear claws you.
* * * LOW HITPOINT WARNING * * *
The polar bear claws you but does no damage.
The polar bear bites you.
The polar bear claws you but does no damage. x2
The dream sheep bites you but does no damage.
The black mamba bites you but does no damage.
A four-headed hydra comes into view.
The basilisk bites you.
* * * LOW HITPOINT WARNING * * *
The polar bear barely misses you. The polar bear completely misses you.
The polar bear claws you.
* * * LOW HITPOINT WARNING * * *
The dream sheep bites you but does no damage.
The black mamba bites you but does no damage.
The polar bear bites you.
You die...

##.....### #. ###########
####.D...## #.
#####.##.#..#.###.#.#...##
##<
........................#
#.†
........................#
###
........................#
#
#...##..#...##.#......#.#
#
#######.###.###YSh.######
# ### ####.l@h.# #
#...<### #...## #...##
#....# ....# ..... .....
..


You could see a four-headed hydra, 2 polar bears, a black mamba, a basilisk and
a dream sheep.

Vanquished Creatures
  3 hydras
  Erolcha (D:10)
  2 two-headed ogres
  Erica (Lair:1)
  Nergalle (Lair:2)
  4 black mambas
  A gargoyle (D:10)
  Maggie (Lair:1)
  4 cane toads
  A rime drake (Lair:1)
  5 komodo dragons
  2 polar bears
  A hornet (Lair:2)
  Prince Ribbit (D:5)
  4 wyverns
  33 yaks
  2 basilisks
  2 steam dragons
  4 nagas (Lair:2)
  2 acid dragons (D:10)
  12 water moccasins
  7 orc warriors
  A black bear (Lair:2)
  An ice beast (D:5)
  2 ogres
  20 wolves
  3 centaurs
  A kobold brigand (Sewer)
  A gnoll sergeant (D:9)
  7 bullfrogs
  2 scorpions
  A necrophage (D:5)
  9 wights
  14 killer bees
  2 howler monkeys
  6 hounds
  2 orc priests
  3 jellies
  A gnoll shaman (D:8)
  Ijyb (D:3)
  2 iguanas
  6 orc wizards
  Natasha (twice) (D:3)
  13 gnolls
  3 river rats (Sewer)
  8 adders
  A shadow imp (D:5)
  2 white imps (D:7)
  An ufetubus (D:4)
  2 dart slugs
  23 orcs
  4 endoplasms
  6 giant cockroaches
  14 goblins
  8 hobgoblins
  10 jackals
  4 quokkas
  10 ball pythons
  4 bats
  7 frilled lizards
  5 kobolds
  11 rats
317 creatures vanquished.

Vanquished Creatures (others)
  12 fungi
  13 plants
25 creatures vanquished.

Grand Total: 342 creatures vanquished

Notes
Turn   | Place    | Note
-------+----------+-------------------------------------------
     0 | D:1      | avis the Demigod Hunter began the quest for the Orb.
     0 | D:1      | Reached XP level 1. HP: 17/17 MP: 3/3
   121 | D:1      | Reached skill level 4 in Ranged Weapons
   121 | D:1      | Reached XP level 2. HP: 17/24 MP: 4/4
   648 | D:1      | Reached XP level 3. HP: 27/29 MP: 5/5
  1378 | D:2      | Found Xekor's Antique Armour Shop.
  2209 | D:3      | Reached XP level 4. HP: 37/37 MP: 6/6
  2305 | D:3      | Noticed Natasha
  2310 | D:3      | Killed Natasha
  2311 | D:3      | Reached skill level 5 in Ranged Weapons
  2582 | D:3      | Noticed Ijyb
  2603 | D:3      | Killed Ijyb
  2604 | D:3      | Noticed Natasha
  2699 | D:3      | Killed Natasha
  2700 | D:3      | Reached XP level 5. HP: 33/45 MP: 7/7
  3058 | D:2      | Bought a glowing cloak for 142 gold pieces
  3118 | D:4      | Noticed a black bear
  3234 | D:4      | Reached skill level 6 in Ranged Weapons
  3234 | D:4      | Reached skill level 1 in Stealth
  3691 | D:5      | Entered Level 5 of the Dungeon
  3730 | D:5      | Noticed Prince Ribbit
  3983 | D:5      | Reached XP level 6. HP: 51/51 MP: 8/8
  4528 | D:5      | Killed Prince Ribbit
  4529 | D:5      | Reached skill level 7 in Ranged Weapons
  4683 | D:5      | Identified the +5 leather armour of the Volcano {Will+}
  4702 | D:5      | Reached XP level 7. HP: 57/57 MP: 9/9
  4880 | D:5      | Reached skill level 8 in Ranged Weapons
  5420 | D:6      | Found Teurghiq's Antique Weapon Shop.
  5442 | D:6      | Found a glowing drain.
  5470 | Sewer    | Entered a sewer
  5816 | D:6      | Reached XP level 8. HP: 66/66 MP: 10/10
  5835 | D:6      | Identified the +2 helmet of Mutualism {+Blink Dex+6 Slay-2}
  6101 | D:6      | Found a staircase to the Ecumenical Temple.
  6107 | Temple   | Entered the Ecumenical Temple
  6343 | D:7      | Reached skill level 9 in Ranged Weapons
  7273 | D:6      | Bought a runed scimitar for 217 gold pieces
  7593 | D:8      | Reached skill level 10 in Ranged Weapons
  8485 | D:8      | Reached XP level 9. HP: 45/71 MP: 11/11
  8736 | D:8      | Reached skill level 11 in Ranged Weapons
  8855 | D:9      | Identified the +2 ring mail "Xizuqism" {Harm rPois Dex+7}
  9664 | D:8      | Reached skill level 12 in Ranged Weapons
 10342 | D:9      | Reached skill level 5 in Fighting
 10489 | D:9      | Noticed a two-headed ogre
 10502 | D:9      | Killed a two-headed ogre
 10503 | D:9      | Reached XP level 10. HP: 62/81 MP: 13/13
 10792 | D:9      | Found a staircase to the Orcish Mines.
 11066 | D:10     | Entered Level 10 of the Dungeon
 11289 | D:10     | Reached skill level 13 in Ranged Weapons
 11573 | D:10     | Found a staircase to the Lair.
 11591 | D:10     | Noticed Erolcha
 11630 | D:10     | Killed Erolcha
 11645 | D:10     | Reached skill level 5 in Dodging
 12329 | D:10     | Noticed a fire dragon
 12399 | D:10     | Reached skill level 14 in Ranged Weapons
 12598 | D:10     | Noticed a two-headed ogre
 12611 | D:10     | Killed a two-headed ogre
 12921 | Lair:1   | Entered Level 1 of the Lair of Beasts
 12991 | Lair:1   | Noticed Maggie
 12998 | Lair:1   | Killed Maggie
 12999 | Lair:1   | Reached XP level 11. HP: 88/88 MP: 14/14
 13728 | Lair:1   | Noticed Erica
 13736 | Lair:1   | Killed Erica
 13737 | Lair:1   | Reached skill level 15 in Ranged Weapons
 15660 | Lair:2   | Found a staircase to the Snake Pit.
 15931 | Lair:2   | Noticed Nergalle
 16427 | Lair:2   | Reached skill level 16 in Ranged Weapons
 16430 | Lair:2   | Reached skill level 5 in Stealth
 16984 | Lair:2   | Killed Nergalle
 16985 | Lair:2   | Reached skill level 1 in Long Blades
 17139 | Lair:1   | Upgraded the game from 0.29-a0-717-g6dac4ea423 to
                  | 0.29-a0-721-g7f417c9bbb
 17428 | Lair:3   | Reached XP level 12. HP: 97/97 MP: 15/15
 17655 | Lair:3   | Noticed a five-headed hydra
 17656 | Lair:3   | Noticed a six-headed hydra
 17663 | Lair:3   | Killed a two-headed hydra
 17673 | Lair:3   | Killed a one-headed hydra
 18228 | Lair:3   | Reached skill level 5 in Long Blades
 18976 | Lair:4   | Noticed an eight-headed hydra
 18981 | Lair:4   | Killed a six-headed hydra
 19185 | Lair:4   | HP: 4/100 [basilisk (2)]
 19186 | Lair:4   | Noticed a four-headed hydra
 19186 | Lair:4   | HP: 1/100 [polar bear (1)]
 19186 | Lair:4   | Slain by a polar bear

Illustrated notes

Levels and vault maps discovered:
D:1:      matt_arrival_diagonals, layout_loops_ring,
          hangedman_abyss_or_decor_stabs, kennysheep_minor_cross
D:2:      layout_loops_corners, serial_shops, shop
D:3:      layout_rooms, lemuel_round_altar,
          hellmonk_ecumenical_altar_crossroads, minmay_goblin_outpost,
          uniq_natasha, uniq_ijyb
D:4:      layout_cave_pools, mainiacjoe_overflow_tiny_flanked
D:5:      layout_loops_corners, nicolae_tso_carved_into_rock, marbit_many_paths,
          uniq_prince_ribbit1
D:6:      layout_basic, mainiacjoe_overflow_boulevard,
          nicolae_overflow_crystal_walls, minmay_temple_entry_fiery,
          serial_shops, nicolae_diamond_shop, gup_sewer_entry_glass
D:7:      layout_basic, dk_xom_monty_hall, glass_columns_b
D:8:      layout_rooms
D:9:      layout_stronghold, fedhas_altar_fruit_tree, okawaru_gym_becter,
          david_orc_4
D:10:     layout_gridville, david_lair_shrubbed, kennysheep_just_a_vault,
          uniq_erolcha
Temple:   nicolae_temple_figure_eight
Lair:1:   layout_cellular_growth, uniq_maggie, uniq_erica
Lair:2:   layout_cave_pods, guppyfry_snake_entry_garden, serial_bayou_shore_b,
          grunt_megastairs_3, uniq_nergalle
Lair:3:   layout_cave_pods
Lair:4:   layout_hall_layers, shoals_dummy_entry, beast_lair_carwin_11

Skill      XL: |  1  2  3  4  5  6  7  8  9 10 11 12 |
---------------+-------------------------------------+-----
Fighting       | 2 3 4 5 6 7 |  7.0
Ranged Weapons | 4 5 6 7 8 10 12 14 16 | 16.2
Dodging        | 2 3 4 5 6 |  6.0
Stealth        | 1 2 3 4 5 |  5.0
Long Blades    | 1 6 |  6.0

Action                   |  1- 3 |  4- 6 |  7- 9 | 10-12 || total
-------------------------+-------+-------+-------+-------++-------
Melee: Dagger            |     9 |    63 |   280 |    19 ||   371
       Punch             |       |     2 |     5 |       ||     7
       Scimitar          |       |       |     4 |    32 ||    36
       Long sword        |       |       |       |    15 ||    15
 Fire: Shortbow          |   127 |    84 |   240 |   574 ||  1025
  Use: Scroll            |       |       |     6 |    18 ||    24
       Potion            |       |       |       |     2 ||     2
 Stab: Sleeping          |       |     1 |       |       ||     1
Armor: Leather armour    |     6 |    32 |   160 |   109 ||   307
Dodge: Dodged            |    29 |    43 |   285 |   247 ||   604

Table legend: (Time is in decaauts)
 A = Elapsed time spent in this place.
 B = Non-inter-level travel time spent in this place.
 C = Inter-level travel time spent in this place.
 D = Time resting spent in this place.
 E = Time spent auto-exploring this place.
 F = Levels seen in this place.
 G = Mean time per level.
                   A        B        C        D        E       F      G
               +--------+--------+--------+--------+--------+-----+--------+
         Total |  19131 |  16745 |   2386 |   5344 |   7187 |  16 | 1195.7 |
       Dungeon |  13054 |  11589 |   1465 |   3654 |   4957 |  10 | 1305.4 |
        Temple |     33 |     28 |      5 |      0 |      0 |   1 |   33.0 |
          Lair |   5806 |   4891 |    915 |   1627 |   2230 |   4 | 1451.5 |
         Sewer |    237 |    237 |      0 |     63 |      0 |   1 |  237.0 |
               +--------+--------+--------+--------+--------+-----+--------+

Top non-repeatable levels by time:
  Lair:1: 2230 daAuts
  Lair:2: 2085 daAuts
     D:9: 2063 daAuts
    D:10: 1922 daAuts
     D:8: 1580 daAuts
     D:5: 1399 daAuts
  Lair:3: 1330 daAuts
     D:6: 1260 daAuts
     D:1: 1196 daAuts
     D:3: 1117 daAuts
     D:7: 876 daAuts
     D:2: 862 daAuts
     D:4: 776 daAuts
   Sewer: 237 daAuts
  Lair:4: 159 daAuts
